 Dungeon Crawl Stone Soup version 0.31.0-32-g396128a36d (webtiles) character file.

Game seed: 13299954081621016242

2133 diecastcamel the Skirmisher (level 9, -4/72 HPs)
             Began as a Barachi Hunter on Apr 24, 2024.
             Was a Priest of Cheibriados.
             Constricted to death by Pikel (7 damage)
             ... on level 5 of the Dungeon.
             The game lasted 00:32:39 (6229 turns).

diecastcamel the Skirmisher (Barachi Hunter)        Turns: 6229, Time: 00:32:39

Health: -4/72      AC: 12    Str: 19    XL:     9   Next: 30%
Magic:  4/9        EV:  9    Int: 18    God:    Cheibriados [***...]
Gold:   256        SH:  0    Dex: 26    Spells: 6/8 levels left

rFire   . . .        a - +0 shortbow
rCold   . . .        (shield currently unavailable)
rNeg    . . .        d - +0 ring mail
rPois   .            g - +1 helmet
rElec   .            (no cloak)
rCorr   .            f - +1 pair of gloves
SInv    .            u - +1 pair of boots
Will    ++...        (no amulet)
Stlth   ++           o - ring of flight
HPRegen 0.32/turn    r - ring of willpower
MPRegen 0.11/turn

%: no passive effects
@: grasped by roots, unable to hop, on blink cooldown, enlightened, flying,
constricted, very slow
A: amphibious, slowness 1, strong legs 1, +LOS
a: Hop, Renounce Religion, Bend Time, Temporal Distortion


You were on level 5 of the Dungeon.
You worshipped Cheibriados.
Cheibriados was most pleased with you.
You visited 1 branch of the dungeon, and saw 6 of its levels.

You collected 394 gold pieces.
You spent 138 gold pieces at shops.

Inventory:

Hand Weapons
 a - a +0 shortbow (weapon)
Armour
 d - a +0 ring mail (worn)
 f - a +1 pair of gloves (worn)
 g - a +1 helmet (worn)
 u - a +1 pair of boots (worn)
Jewellery
 o - a ring of flight (left hand)
 p - a ring of ice
 r - a ring of willpower (right hand)
Wands
 k - a wand of polymorph (6) (quivered)
Scrolls
 b - a scroll of noise
 j - a scroll of enchant weapon
 m - 2 scrolls of fog
 n - 2 scrolls of vulnerability
 w - a scroll of brand weapon {unknown}
Potions
 c - a potion of resistance
 e - 2 potions of heal wounds {unknown}
 h - 2 potions of haste
 i - a potion of cancellation {unknown}
 q - a potion of ambrosia {unknown}
 s - 2 potions of curing {unknown}
 t - 3 potions of mutation {unknown}
 v - 3 potions of enlightenment


   Skills:
 + Level 7.1 Fighting
 * Level 10.1 Ranged Weapons
 + Level 5.0 Armour
 - Level 2.1 Dodging
 - Level 0.8 Stealth
 + Level 2.6 Translocations


You had 6 spell levels left.
You knew the following spells:

 Your Spells              Type           Power      Damage    Failure   Level
a - Blink                 Tloc           18%        N/A       19%         2

Your spell library contained the following spells:

 Spells                   Type           Power      Damage    Failure   Level
 Lesser Beckoning         Tloc           18%        N/A       19%         2
 Momentum Strike          Conj/Tloc      8%         3d8       32%         2
 Sandblast                Erth           0%         2d4       36%         1
 Gell's Gravitas          Tloc           9%         N/A       36%         3
 Teleport Other           Tloc           9%         N/A       36%         3
 Call Imp                 Summ           0%         N/A       50%         2
 Sublimation of Blood     Necr           0%         N/A       50%         2
 Passwall                 Erth           0%         N/A       73%         3
 Stone Arrow              Conj/Erth      0%         3d7       73%         3
 Brom's Barrelling Bould  Conj/Erth      0%         2d3       98%         4
 Olgreb's Toxic Radiance  Alch           0%         N/A       98%         4
 Ozocubu's Refrigeration  Ice            0%         4d7       100%        7
 Summon Hydra             Summ           0%         N/A       100%        7
 Discord                  Hex            0%         N/A       100%        8


Dungeon Overview and Level Annotations

Branches:
Dungeon (6/15)             Temple (0/1) D:5

Altars:
Cheibriados
Dithmenos
Uskayaw
Xom

Shops:
D:2 (:[

Portals:
Abyss: D:4

Annotations:
D:4 2 transporters, rstyx's ghost, amateur DsHs
D:5 1 runed translucent door, Crazy Yiuf; Pikel


Innate Abilities, Weirdness & Mutations

You are amphibious.
You cover ground slowly.
You can hop short distances.
You have an extended range of vision and can be seen from far away.


Message History

Unknown command.
You are too injured to fight recklessly!
You are too injured to fight recklessly!
You shoot an arrow. The arrow closely misses Pikel.
Pikel zaps a wand.
The roots erupt in riotous growth!
The grasping roots grab you!
Pikel is unaffected.
The grasping roots constrict you.
You shoot an arrow. The arrow closely misses Pikel.
Pikel hits you with a +1 whip of freezing!
Pikel freezes you.
* * * LOW HITPOINT WARNING * * *
The grasping roots constrict you!
* * * LOW HITPOINT WARNING * * *
You shoot an arrow.
The arrow hits Pikel but does no damage.
Pikel is lightly wounded.
Pikel hits you but does no damage. The grasping roots constrict you!
* * * LOW HITPOINT WARNING * * *
Unknown command.
Casting: Blink (safe; 19% risk of failure)
Press: ? - help, Q - select action, (/) - cycle Dir - look around, f - activate You escape the roots grasp.
You blink.
Unknown command.
Okay, then.
You fail to use your ability.
The flow of time bends around you.
Pikel resists with some effort.
Pikel zaps a wand.
The roots erupt in riotous growth!
The grasping roots grab you!
Pikel is unaffected.
The grasping roots constrict you.
* * * LOW HITPOINT WARNING * * *
Unknown command.
Aiming: Polymorph
Press: ? - help, Q - select action, (/) - cycle Shift-Dir - straight line, f - Pikel
Aim: Pikel, wielding a +1 whip of freezing, wearing a +0 robe and carrying a wand of roots (lightly wounded, will become a golden eye, a tengu, or a guardian serpent, chance to affect: 49%)
Okay, then.
It was a potion of enlightenment.
You feel more buoyant. Pikel barely misses you.
The grasping roots constrict you!
You die...
Pikel says, "Another soul for the market."

.......# #.....###### .......#
#..........# .......#
####.......# .......# #.......#
.############.......# .#
#...............# .#
#...^...........#
#####...............#
................@...#
................K...#############
...........).......>'............
....................#############
.#..#........######.#
#............# #.# #..#.........#
#.# .##.(........# #.#
......<......# #.#


You could see Pikel.

Vanquished Creatures
  Grinder (D:3)
  Menkaure (D:4)
  A water moccasin (D:6)
  2 black bears (D:5)
  3 ogres (D:6)
  2 lemures (D:6)
  Blork the orc (D:5)
  2 bullfrogs (D:6)
  2 scorpions (D:5)
  A bombardier beetle (D:5)
  6 hounds
  2 jellies
  3 orc priests (D:6)
  A gnoll bouda (D:6)
  2 iguanas (D:5)
  Terence (D:3)
  Jessica (D:2)
  5 orc wizards
  Natasha (twice) (D:2)
  7 adders
  7 gnolls (D:6)
  A white imp (D:4)
  2 dart slugs
  3 ribbon worms
  21 orcs
  6 ball pythons
  7 endoplasms
  3 giant cockroaches
  9 goblins
  7 hobgoblins
  14 jackals
  5 kobolds
  6 quokkas
  4 bats
  8 frilled lizards
  8 rats
157 creatures vanquished.

Notes
Turn   | Place    | Note
-------+----------+-------------------------------------------
     0 | D:1      | diecastcamel the Barachi Hunter began the quest for the
                  | Orb.
     0 | D:1      | Reached XP level 1. HP: 17/17 MP: 1/1
    47 | D:1      | Reached XP level 2. HP: 7/23 MP: 2/2
   188 | D:1      | Noticed a shining eye
   276 | D:1      | Found a faded altar of an unknown god.
   284 | D:1      | Noticed a great orb of eyes
   286 | D:1      | Noticed a great orb of eyes
   286 | D:1      | Noticed a glass eye
   399 | D:1      | Reached XP level 3. HP: 27/29 MP: 3/3
  1067 | D:2      | Found Isuutwyo's Book Shoppe.
  1161 | D:2      | Noticed Jessica
  1165 | D:2      | Killed Jessica
  1166 | D:2      | Reached skill level 5 in Ranged Weapons
  1166 | D:2      | Reached XP level 4. HP: 37/37 MP: 4/4
  1246 | D:2      | Noticed Natasha
  1622 | D:2      | Found Maisyor's Weapon Shoppe.
  1694 | D:2      | Killed Natasha
  1728 | D:2      | Noticed Natasha
  1736 | D:2      | Killed Natasha
  1737 | D:2      | Reached XP level 5. HP: 37/42 MP: 5/5
  1779 | D:2      | Found Inin's Armour Shoppe.
  1784 | D:2      | Bought a +1 pair of gloves for 138 gold pieces
  2139 | D:3      | Found a snail-covered altar of Cheibriados.
  2141 | D:3      | Found a hide-covered altar of Uskayaw.
  2143 | D:3      | You fall into a shaft and drop 3 floors!
  2148 | D:5      | Entered Level 5 of the Dungeon
  2215 | D:5      | Found a staircase to the Ecumenical Temple.
  2239 | D:4      | Reached skill level 6 in Ranged Weapons
  2252 | D:4      | Reached XP level 6. HP: 49/49 MP: 6/6
  2254 | D:5      | Noticed a black bear
  2421 | D:3      | Noticed Grinder
  2546 | D:3      | Became a worshipper of Cheibriados the Contemplative
  2846 | D:3      | Noticed Terence
  2864 | D:3      | Killed Terence
  3007 | D:3      | Found a shimmering altar of Xom.
  3008 | D:3      | Found a shadowy altar of Dithmenos.
  3066 | D:3      | Reached * piety under Cheibriados
  3114 | D:3      | Paralysed by Grinder for 2 turns
  3121 | D:3      | Paralysed by Grinder for 3 turns
  3129 | D:3      | Killed Grinder
  3130 | D:3      | Reached skill level 7 in Ranged Weapons
  3130 | D:3      | Reached XP level 7. HP: 52/55 MP: 7/7
  3385 | D:4      | Reached skill level 8 in Ranged Weapons
  3447 | D:4      | Reached skill level 5 in Fighting
  3534 | D:4      | Found a transporter.
  3591 | D:4      | Noticed Menkaure
  3599 | D:4      | Killed Menkaure
  3600 | D:4      | Reached skill level 1 in Armour
  3702 | D:4      | Found a transporter.
  3705 | D:4      | Noticed a small abomination
  3718 | D:4      | Found a one-way gate to the infinite horrors of the Abyss.
  3718 | D:4      | Noticed rstyx's ghost (amateur DsHs)
  3718 | D:4      | Noticed a small abomination
  3747 | D:4      | Reached ** piety under Cheibriados
  3748 | D:4      | Reached XP level 8. HP: 63/63 MP: 8/8
  4312 | D:5      | Reached skill level 9 in Ranged Weapons
  4533 | D:5      | Noticed Blork the orc
  4541 | D:5      | Killed Blork the orc
  4590 | D:5      | Found a runed translucent door.
  4591 | D:5      | Noticed Crazy Yiuf
  4733 | D:5      | Learned a level 2 spell: Blink
  4895 | D:6      | Reached skill level 1 in Translocations
  5140 | D:6      | Noticed Pikel
  5589 | D:6      | Reached *** piety under Cheibriados
  5590 | D:6      | Reached XP level 9. HP: 71/71 MP: 9/9
  6013 | D:6      | Found the +6 shillelagh "Devastator" {shatter}
  6033 | D:6      | Reached skill level 10 in Ranged Weapons
  6038 | D:6      | Reached skill level 5 in Armour
  6228 | D:5      | HP: 3/72 [constriction (2)]
  6229 | D:5      | Constricted to death by Pikel

Illustrated notes

Levels and vault maps discovered:
D:1:      dpeg_arrival_ratfight, layout_loops_corners,
          hellmonk_ecumenical_altar_watching_god, minmay_lizard_pond
D:2:      layout_basic, serial_shops, shop, nicolae_shop_tiny_statue_garden,
          nicolae_shop_peninsula, fountainhead, uniq_jessica, uniq_natasha
D:3:      layout_loops_ring, gammafunk_temple_overflow_statue,
          chequers_temple_overflow_statue_of_worship, uniq_terence, uniq_grinder
D:4:      layout_loops_ring, gammafunk_ghost_abyssal_escape, uniq_menkaure
D:5:      layout_basic, minmay_temple_entry_mini_moons, uniq_crazy_yiuf_cottage,
          uniq_blork_the_orc
D:6:      layout_layer_cave, dilly_guarded_unrand_devastator, uniq_pikel

Skill      XL: |  1  2  3  4  5  6  7  8  9 |
---------------+----------------------------+-----
Fighting       | 3 4 5 6 7 |  7.1
Ranged Weapons | 5 6 7 8 9 10 | 10.1
Armour         | 2 4 5 |  5.0
Translocations | 1 2 |  2.6
Dodging        | |  2.1
Stealth        | |  0.8

Action                     |  1- 3 |  4- 6 |  7- 9 || total
---------------------------+-------+-------+-------++-------
   Fire: Shortbow          |   143 |   219 |   367 ||   729
   Cast: Blink             |       |       |     1 ||     1
 Invoke: Bend Time         |       |       |     1 ||     1
Ability: Hop               |     1 |     4 |     9 ||    14
    Use: Scroll            |     1 |     7 |     5 ||    13
         Potion            |       |       |     1 ||     1
 Armour: Leather armour    |    12 |       |       ||    12
         Ring mail         |    35 |   115 |   128 ||   278
  Dodge: Dodged            |    38 |   101 |   128 ||   267
